 Dungeon Crawl Stone Soup version 0.24.1-14-gf8d2b509d9 (console) character file.

Game seed: 8447985266531338196, levelgen mode: deterministic

15305 Kagalorn the Protected (level 12, 0/96 HPs)
             Began as a Gnoll Wanderer on Mar 12, 2021.
             Was a High Priest of Okawaru.
             Slain by a spiny frog (16 damage)
             ... on level 1 of the Lair of Beasts.
             The game lasted 00:36:53 (16245 turns).

Kagalorn the Protected (Gnoll Wanderer)            Turns: 16245, Time: 00:36:53

Health: 0/96       AC: 18    Str: 20    XL:     12   Next: 25%
Magic:  20/22      EV: 13    Int: 17    God:    Okawaru [*****.]
Gold:   235        SH: 13    Dex: 12    Spells: 25/25 levels left

rFire    + . .     SeeInvis .   a - +2 rapier (venom)
rCold    + . .     Gourm    .   d - +0 shield
rNeg     . . .     Faith    +   B - +1 chain mail {rC+}
rPois    .         Spirit   .   s - +0 helmet
rElec    .         Reflect  .   v - +0 cloak
rCorr    .         Harm     .   (no gloves)
MR       .....                  (no boots)
Stlth    ++........             I - amulet of faith
HPRegen  0.26/turn              m - +1 ring of protection
MPRegen  0.18/turn              Q - ring of protection from fire

@: heroism
A: distributed training, fangs 1, strong nose
a: Heroism, Finesse, Renounce Religion


You were on level 1 of the Lair of Beasts.
You worshipped Okawaru.
Okawaru was extremely pleased with you.
You were not hungry.

You visited 3 branches of the dungeon, and saw 13 of its levels.
You also visited: Sewer.

You collected 617 gold pieces.
You spent 382 gold pieces at shops.

Inventory:

Hand Weapons
 a - a +2 rapier of venom (weapon)
 b - a +4 war axe of draining
Missiles
 e - 40 bolts
 g - 13 javelins (quivered)
 x - 151 stones
 F - 80 sling bullets
 N - 5 boomerangs of dispersal
 P - 6 throwing nets
 R - 17 boomerangs
Armour
 d - a +0 shield (worn)
 s - a +0 helmet (worn)
 v - a +0 cloak (worn)
 B - a +1 chain mail of cold resistance (worn)
Jewellery
 m - a +1 ring of protection (left hand)
 r - an uncursed ring of positive energy
 I - an amulet of faith (around neck)
 Q - a ring of protection from fire (right hand)
Wands
 E - a wand of paralysis (17)
 J - a wand of iceblast (22)
 M - a wand of polymorph (7)
Scrolls
 c - 4 scrolls of teleportation
 i - 5 scrolls of magic mapping
 p - 2 scrolls of identify
 q - 3 scrolls of fog
 t - a scroll of blinking
 y - 3 scrolls of remove curse
 D - a scroll of fear
 G - a scroll of enchant weapon
 H - a scroll of enchant armour
Potions
 h - a potion of resistance
 j - 3 potions of curing
 k - 6 potions of heal wounds
 l - 3 potions of mutation
 n - 2 potions of brilliance
 o - 4 potions of flight
 u - a potion of ambrosia
 w - a potion of cancellation
 z - a potion of might
 A - a potion of magic
 K - 2 potions of haste
 L - 3 potions of lignification
Comestibles
 f - 11 rations
 C - 6 chunks of flesh


   Skills:
 + Level 9.6(14.6) Fighting
 + Level 7.0(12.0) Short Blades
 + Level 7.0(12.0) Long Blades
 + Level 7.0(12.0) Axes
 + Level 7.0(12.0) Maces & Flails
 + Level 7.0(12.0) Polearms
 + Level 7.0(12.0) Staves
 + Level 7.0(12.0) Slings
 + Level 8.4(13.4) Bows
 + Level 7.0(12.0) Crossbows
 + Level 7.0(12.0) Throwing
 + Level 9.6(14.6) Armour
 + Level 7.0(12.0) Dodging
 + Level 7.0(12.0) Stealth
 + Level 7.5(12.5) Shields
 + Level 7.0(12.0) Unarmed Combat
 + Level 7.0 Spellcasting
 + Level 5.8 Conjurations
 + Level 5.8 Hexes
 + Level 5.8 Charms
 + Level 5.8 Summonings
 + Level 5.8 Necromancy
 + Level 5.8 Translocations
 + Level 5.8 Transmutations
 + Level 5.8 Fire Magic
 + Level 5.8 Ice Magic
 + Level 5.8 Air Magic
 + Level 5.8 Earth Magic
 + Level 5.8 Poison Magic
 + Level 7.6 Invocations
 + Level 7.5 Evocations


You had 25 spell levels left.
You didn't know any spells.
Your spell library contained the following spells:

 Spells                   Type           Power        Failure   Level  Hunger
 Animate Skeleton         Necr           N/A          9%          1    None
 Apportation              Tloc           ####..       9%          1    None
 Confusing Touch          Hex            ####..       9%          1    None
 Corona                   Hex            ####...      9%          1    None
 Infusion                 Chrm           ####         9%          1    None
 Summon Small Mammal      Summ           ####         9%          1    None
 Shroud of Golubria       Chrm/Tloc      ####..       12%         2    None
 Song of Slaying          Chrm           ####....     12%         2    None
 Dazzling Spray           Conj/Hex       ####..       24%         3    ##.....
 Regeneration             Chrm/Necr      ####......   24%         3    ##.....
 Spectral Weapon          Hex/Chrm       ####....     24%         3    ##.....
 Tukima's Dance           Hex            ####....     24%         3    ##.....
 Cause Fear               Hex            ####......   63%         4    ####...


Dungeon Overview and Level Annotations

Branches:
Dungeon (11/15)            Temple (1/1) D:5            Lair (1/6) D:11
  Sewer (visited)
    Orc: D:9-12

Altars:
Ashenzari
Cheibriados
Dithmenos
Elyvilon
Fedhas
Gozag
Hepliaklqana
Kikubaaqudgha
Makhleb
Nemelex Xobeh
Okawaru
Qazlal
Ru
Sif Muna
Trog
Uskayaw
Vehumet
Wu Jian
Xom
Yredelemnul
Zin
The Shining One

Shops:
D:5 }   D:8 :**?***   D:9 *   D:10 (

Annotations:
Lair:1 exclusion: oklob plant


Innate Abilities, Weirdness & Mutations

Your experience applies equally to all skills.
You have very sharp teeth.
Your uncanny sense of smell can sniff out nearby items.


Message History

You see here a crocodile corpse.
You butcher the crocodile corpse.
C - 9 chunks of flesh (gained 6)
You see here a crocodile skeleton.
You feel like a meek peon again.
You feel sick.
Eat one of 9 chunks of flesh? (ye/n/q)
You eat one of the 9 chunks of flesh.
This raw flesh tastes terrible.
Some of the chunks of flesh in your inventory have rotted away.
You start resting.
You feel sick. x4
You are no longer poisoned.
You start resting.
The spiny frog is too close now for your liking.
The spiny frog gives a loud, deep croak!
You closely miss the spiny frog. Your bite misses the spiny frog.
The spiny frog stings you.
* * * LOW HITPOINT WARNING * * *
You gain the combat prowess of a mighty hero.
The spiny frog stings you!
You die...

#... #P#.. ####...
#.P.?. #..#...##....PP
............P..
...............
........#
........########## .
....##.÷#........# .
....##...F@....... .#
##...#.#..##.#......
.####..............≈≈≈≈≈
..............(....≈♣♣♣≈
...FS..............≈♣
..S.....####.......≈♣
.#r###...# #..#.##.≈≈
l.## ..#.###..# ♣♣.. .##
.....#


You could see a spiny frog.

Vanquished Creatures
  Erolcha (D:10)
  A death knight (D:10)
  2 two-headed ogres
  A cyclops (D:11)
  A centaur skeleton (D:11)
  3 freezing wraiths
  A merfolk (D:9)
  2 trolls (D:11)
  A shadow (D:11)
  17 yaks
  A wraith (D:10)
  2 wyverns
  Eustachio (D:4)
  Duvessa (D:4)
  A water moccasin (D:10)
  3 orc warriors
  2 ice beasts
  2 sky beasts
  2 phantoms
  2 necrophages
  2 eyes of draining
  9 ogres
  14 centaurs
  A crocodile (Lair:1)
  A big kobold (Sewer)
  5 bullfrogs
  A wyvern zombie (D:11)
  4 gnoll sergeants
  Dowan (D:4)
  6 scorpions
  14 killer bees
  6 wights
  An electric eel (D:8)
  6 howler monkeys
  3 crimson imps
  8 orc priests
  7 hounds
  4 jellies
  A gnoll shaman (D:8)
  3 iguanas
  8 orc wizards
  Natasha (thrice) (D:4)
  5 worker ants
  2 killer bee zombies
  A hound zombie (D:5)
  A howler monkey zombie (D:7)
  3 worker ant zombies
  29 gnolls
  12 adders
  6 river rats
  A howler monkey skeleton (D:7)
  3 shadow imps
  4 oozes
  An adder zombie (D:6)
  An adder skeleton (D:4)
  A worm (D:3)
  4 leopard geckos
  40 orcs
  A ball python (D:3)
  3 giant cockroaches
  10 hobgoblins
  20 jackals
  5 quokkas
  3 bats
  5 frilled lizards
  9 goblins
  9 kobolds
  A leopard gecko zombie (D:5)
  11 rats
346 creatures vanquished.

Vanquished Creatures (others)
  A fungus (Lair:1)
  A plant (Lair:1)
2 creatures vanquished.

Grand Total: 348 creatures vanquished

Notes
Turn   | Place    | Note
-------+----------+-------------------------------------------
     0 | D:1      | Kagalorn the Gnoll Wanderer began the quest for the Orb.
     0 | D:1      | Kagalorn set off with the following items: a +0 club, a +0
                  | ring mail, a wand of random effects (15), a +0 shield, a
                  | ration
     0 | D:1      | Reached XP level 1. HP: 23/23 MP: 2/2
   206 | D:1      | Reached XP level 2. HP: 24/29 MP: 3/3
   634 | D:1      | Reached XP level 3. HP: 35/35 MP: 4/4
  1359 | D:2      | Reached skill level 1 in Invocations
  1650 | D:3      | Reached skill level 1 in Short Blades
  1650 | D:3      | Reached skill level 1 in Long Blades
  1650 | D:3      | Reached skill level 1 in Axes
  1650 | D:3      | Reached skill level 1 in Maces & Flails
  1650 | D:3      | Reached skill level 1 in Polearms
  1650 | D:3      | Reached skill level 1 in Staves
  1650 | D:3      | Reached skill level 1 in Slings
  1650 | D:3      | Reached skill level 1 in Crossbows
  1650 | D:3      | Reached skill level 1 in Throwing
  1650 | D:3      | Reached skill level 1 in Dodging
  1650 | D:3      | Reached skill level 1 in Stealth
  1650 | D:3      | Reached skill level 1 in Unarmed Combat
  1650 | D:3      | Reached skill level 1 in Spellcasting
  1666 | D:3      | Reached XP level 4. HP: 13/41 MP: 6/6
  1669 | D:3      | HP: 1/41 [orc/+0 mace (6)]
  1685 | D:3      | Reached skill level 1 in Conjurations
  1685 | D:3      | Reached skill level 1 in Hexes
  1685 | D:3      | Reached skill level 1 in Charms
  1685 | D:3      | Reached skill level 1 in Summonings
  1685 | D:3      | Reached skill level 1 in Necromancy
  1685 | D:3      | Reached skill level 1 in Translocations
  1685 | D:3      | Reached skill level 1 in Transmutations
  1685 | D:3      | Reached skill level 1 in Fire Magic
  1685 | D:3      | Reached skill level 1 in Ice Magic
  1685 | D:3      | Reached skill level 1 in Air Magic
  1685 | D:3      | Reached skill level 1 in Earth Magic
  1685 | D:3      | Reached skill level 1 in Poison Magic
  1955 | D:3      | Reached XP level 5. HP: 32/47 MP: 7/7
  2023 | D:3      | Found a glowing drain.
  2033 | Sewer    | Entered a sewer
  2318 | Sewer    | Noticed a big kobold
  2371 | Sewer    | Killed a big kobold
  2371 | Sewer    | Reached XP level 6. HP: 48/53 MP: 8/8
  2429 | Sewer    | Found a white marble altar of Elyvilon.
  2702 | D:3      | Reached skill level 5 in Bows
  3174 | D:3      | Found a sparkling altar of Nemelex Xobeh.
  3376 | D:4      | Reached XP level 7. HP: 45/59 MP: 10/10
  3767 | D:4      | Noticed Duvessa
  3767 | D:4      | Noticed Dowan
  3998 | D:4      | Killed Duvessa
  3999 | D:4      | Killed Dowan
  4257 | D:4      | Noticed Eustachio
  4414 | D:4      | Killed Eustachio
  4532 | D:4      | Reached XP level 8. HP: 38/67 MP: 12/12
  4817 | D:5      | Entered Level 5 of the Dungeon
  4839 | D:4      | Noticed Natasha
  4845 | D:4      | Killed Natasha
  5349 | D:4      | Noticed Natasha
  5359 | D:4      | Killed Natasha
  5666 | D:4      | Noticed Natasha
  5672 | D:4      | Killed Natasha
  5935 | D:5      | Found Piruithro's Gadget Shoppe.
  5946 | D:5      | Bought a wand of paralysis (6) for 88 gold pieces
  6092 | D:5      | Found a staircase to the Ecumenical Temple.
  6101 | Temple   | Entered the Ecumenical Temple
  6298 | Temple   | Became a worshipper of Warmaster Okawaru
  6363 | D:5      | Found a basalt altar of Yredelemnul.
  6640 | D:5      | Found an opulent altar of Gozag.
  6641 | D:5      | Found a sparkling altar of Nemelex Xobeh.
  6676 | D:6      | Reached XP level 9. HP: 72/72 MP: 14/14
  7062 | D:6      | Reached * piety under Okawaru
  7458 | D:6      | Reached skill level 5 in Shields
  7458 | D:6      | Reached skill level 5 in Evocations
  8165 | D:7      | You fall into a shaft and drop 2 floors!
  8172 | D:9      | Reached ** piety under Okawaru
  8172 | D:9      | Reached skill level 5 in Invocations
  8214 | D:9      | Found Xebbafaa's Assorted Antiques.
  8223 | D:9      | Bought a scroll labeled KIDICA SIZEBLA for 23 gold pieces
  8223 | D:9      | Bought a scroll labeled CUR RAROJALU for 23 gold pieces
  8224 | D:9      | Found a glowing golden altar of the Shining One.
  8261 | D:8      | Found Zin's Purification Station.
  8281 | D:8      | Found a glowing silver altar of Zin.
  8410 | D:8      | Found Eboestrokh's General Store.
  8414 | D:8      | Found a radiant altar of Vehumet.
  8417 | D:8      | Bought a scroll of magic mapping for 42 gold pieces
  8417 | D:8      | Bought a scroll of teleportation for 36 gold pieces
  8417 | D:8      | Bought a scroll of magic mapping for 42 gold pieces
  8419 | D:8      | Found a sacrificial altar of Ru.
  8420 | D:8      | Found a shadowy altar of Dithmenos.
  8443 | D:8      | Reached XP level 10. HP: 70/80 MP: 15/17
  9033 | D:8      | Identified the Guide on Beguiling
  9038 | D:8      | Found Zoleutt's General Store.
  9077 | D:8      | Reached *** piety under Okawaru
  9077 | D:8      | Reached skill level 5 in Short Blades
  9077 | D:8      | Reached skill level 5 in Long Blades
  9077 | D:8      | Reached skill level 5 in Axes
  9077 | D:8      | Reached skill level 5 in Maces & Flails
  9077 | D:8      | Reached skill level 5 in Polearms
  9077 | D:8      | Reached skill level 5 in Staves
  9077 | D:8      | Reached skill level 5 in Slings
  9077 | D:8      | Reached skill level 5 in Crossbows
  9077 | D:8      | Reached skill level 5 in Throwing
  9077 | D:8      | Reached skill level 5 in Dodging
  9077 | D:8      | Reached skill level 5 in Stealth
  9077 | D:8      | Reached skill level 5 in Unarmed Combat
  9077 | D:8      | Reached skill level 5 in Spellcasting
  9165 | D:8      | Bought a potion of invisibility for 96 gold pieces
  9170 | D:8      | Found Xoshroy's General Store.
  9459 | D:8      | Reached **** piety under Okawaru
 10195 | D:8      | Found Paniusm's Book Shop.
 10272 | D:8      | Got a fine mace
 10281 | D:8      | Found Byiceby's Magic Scroll Shoppe.
 10283 | D:8      | Found Plog's General Store.
 10311 | D:8      | Bought a scroll of fog for 32 gold pieces
 10376 | D:8      | Identified the +5 mace of Quick Death {drain, rElec MP-9
                  | Dex-3 SInv} (You found it on level 8 of the Dungeon)
 10440 | D:9      | Noticed a two-headed ogre
 10475 | D:9      | Killed a two-headed ogre
 10593 | D:9      | Reached XP level 11. HP: 65/87 MP: 19/19
 11551 | D:9      | Received a gift from Okawaru
 11819 | D:10     | Entered Level 10 of the Dungeon
 11940 | D:10     | Found a shadowy altar of Dithmenos.
 11971 | D:10     | Reached skill level 5 in Conjurations
 11971 | D:10     | Reached skill level 5 in Hexes
 11971 | D:10     | Reached skill level 5 in Charms
 11971 | D:10     | Reached skill level 5 in Summonings
 11971 | D:10     | Reached skill level 5 in Necromancy
 11971 | D:10     | Reached skill level 5 in Translocations
 11971 | D:10     | Reached skill level 5 in Transmutations
 11971 | D:10     | Reached skill level 5 in Fire Magic
 11971 | D:10     | Reached skill level 5 in Ice Magic
 11971 | D:10     | Reached skill level 5 in Air Magic
 11971 | D:10     | Reached skill level 5 in Earth Magic
 11971 | D:10     | Reached skill level 5 in Poison Magic
 11972 | D:10     | Found Cesmuci's Weapon Emporium.
 12345 | D:10     | Noticed Erolcha
 12367 | D:10     | Killed Erolcha
 12367 | D:10     | Reached ***** piety under Okawaru
 12445 | D:10     | Received a gift from Okawaru
 12778 | D:10     | Noticed a two-headed ogre
 12818 | D:10     | Killed a two-headed ogre
 12818 | D:10     | Received a gift from Okawaru
 13721 | D:11     | Received a gift from Okawaru
 13981 | D:11     | Noticed a death knight
 14376 | D:11     | Noticed a cyclops
 14402 | D:11     | Killed a cyclops
 14402 | D:11     | Reached XP level 12. HP: 55/96 MP: 20/22
 15574 | D:9      | Received a gift from Okawaru
 15689 | D:10     | HP: 3/96 [death knight/+0 glaive (7)]
 15691 | D:10     | Killed a death knight
 16043 | D:11     | Found a staircase to the Lair.
 16128 | Lair:1   | Entered Level 1 of the Lair of Beasts
 16129 | Lair:1   | Noticed an eight-headed hydra
 16245 | Lair:1   | Slain by a spiny frog

Levels and vault maps discovered:
D:1:      tarquinn_simple_flora_water_f, layout_basic
D:2:      layout_basic
D:3:      layout_loops_ring, gup_sewer_entry_bowl, nemelex_dance_club_becter
D:4:      layout_gridville, first_ration, uniq_natasha, uniq_eustachio,
          uniq_duvessa
D:5:      layout_cave_pools, grunt_temple_overflow_opulence,
          lemuel_doored_altar, temple_fountains, serial_shops, shop
D:6:      layout_loops_cross
D:7:      layout_rooms, serial_bayou_pond_a
D:8:      layout_cave_pools, zin_purify,
          chequers_temple_overflow_statue_of_worship, serial_gnoll_camp,
          gnoll_camp_huts_moat, gnoll_camp_mini_shop, gnoll_camp_mini_house,
          gnoll_camp_mini_loothouse, serial_shops, shop, nicolae_shop_trees,
          shop, nicolae_shop_statue_plus, shop
D:9:      layout_stronghold, serial_shops, shop, hangedman_fish_farm,
          nrook_mini_backslash, tso_altar
D:10:     layout_basic, serial_shops, shop,
          nicolae_dithmenos_through_a_glass_darkly, uniq_erolcha
D:11:     layout_roguey, lair_entry_dummy, lemuel_mausoleum_altar_kikubaaqudgha
Temple:   regret_index_temple_generic_petals
Lair:1:   minmay_lair_oklob_tunnel, layout_gridlike, gammafunk_lair_bear_cave

Skill      XL: |  1  2  3  4  5  6  7  8  9 10 11 12 |
---------------+-------------------------------------+-----
Invocations    | 1 2 3 4 5 6 7 |  7.6
Short Blades   | 1 2 3 4 5 6 7 |  7.0
Long Blades    | 1 2 3 4 5 6 7 |  7.0
Axes           | 1 2 3 4 5 6 7 |  7.0
Maces & Flails | 1 2 3 4 5 6 7 |  7.0
Polearms       | 1 2 3 4 5 6 7 |  7.0
Staves         | 1 2 3 4 5 6 7 |  7.0
Slings         | 1 2 3 4 5 6 7 |  7.0
Crossbows      | 1 2 3 4 5 6 7 |  7.0
Throwing       | 1 2 3 4 5 6 7 |  7.0
Dodging        | 1 2 3 4 5 6 7 |  7.0
Stealth        | 1 2 3 4 5 6 7 |  7.0
Unarmed Combat | 1 2 3 4 5 6 7 |  7.0
Spellcasting   | 1 2 3 4 5 6 7 |  7.0
Conjurations   | 1 2 3 4 5 |  5.8
Hexes          | 1 2 3 4 5 |  5.8
Charms         | 1 2 3 4 5 |  5.8
Summonings     | 1 2 3 4 5 |  5.8
Necromancy     | 1 2 3 4 5 |  5.8
Translocations | 1 2 3 4 5 |  5.8
Transmutations | 1 2 3 4 5 |  5.8
Fire Magic     | 1 2 3 4 5 |  5.8
Ice Magic      | 1 2 3 4 5 |  5.8
Air Magic      | 1 2 3 4 5 |  5.8
Earth Magic    | 1 2 3 4 5 |  5.8
Poison Magic   | 1 2 3 4 5 |  5.8
Shields        | 3 4 5 6 7 |  7.5
Evocations     | 3 4 5 6 7 |  7.5
Bows           | 5 6 7 8 |  8.4
Fighting       | 7 8 9 |  9.6
Armour         | 7 8 9 |  9.6

Action                   |  1- 3 |  4- 6 |  7- 9 | 10-12 || total
-------------------------+-------+-------+-------+-------++-------
Melee: Unarmed           |    27 |       |     8 |       ||    35
       Short sword       |   141 |   255 |    93 |       ||   489
       Bite              |    14 |    24 |    53 |   124 ||   215
       Rapier            |       |       |   357 |   926 ||  1283
Throw: Javelin           |       |       |       |    13 ||    13
Invok: Heroism           |       |       |       |     8 ||     8
  Use: Scroll            |       |     7 |     8 |    12 ||    27
       Potion            |       |     3 |     1 |     1 ||     5
  Eat: Chunk             |     2 |     3 |     6 |    10 ||    21
       Ration            |       |     1 |     3 |     5 ||     9
Armor: Ring mail         |    51 |    38 |   115 |       ||   204
       Skin              |       |    25 |       |       ||    25
       Plate armour      |       |       |    90 |   414 ||   504
       Chain mail        |       |       |       |    69 ||    69
Dodge: Dodged            |    47 |    54 |   210 |   253 ||   564
Block: Shield            |    69 |    76 |   253 |   479 ||   877
